 Dungeon Crawl Stone Soup version 0.29.0-11-gd7f09526c8 (webtiles) character file.

Game seed: 14320574310416236609

4 brainsironically the Grave Robber (level 1, -1/13 HPs)
             Began as a Human Necromancer on Sept 5, 2022.
             Slain by a quokka (4 damage)
             ... on level 1 of the Dungeon.
             The game lasted 00:04:16 (643 turns).

brainsironically the Grave Robber (HuNe)             Turns: 643, Time: 00:04:17

Health: -1/13      AC:  3    Str:  8    XL:     1   Next: 66%
Magic:  3/3        EV: 11    Int: 15    God:
Gold:   27         SH:  0    Dex: 13    Spells: 3/4 levels left

rFire   . . .      SeeInvis .   c - +0 whip
rCold   . . .      Faith    .   (no shield)
rNeg    . . .      Spirit   .   e - +0 leather armour
rPois   .          Reflect  .   (no helmet)
rElec   .          Harm     .   (no cloak)
rCorr   .          Rampage  .   (no gloves)
Will    .....                   (no boots)
Stlth   ++........              (no amulet)
HPRegen 0.04/turn               (no ring)
MPRegen 0.08/turn               (no ring)

@: no status effects
A: no striking features
a: no special abilities


You were on level 1 of the Dungeon.
You visited 1 branch of the dungeon, and saw 1 of its levels.

You collected 27 gold pieces.

Inventory:

Hand Weapons
 c - a +0 whip (weapon)
 g - a +0 club
Armour
 a - a +0 robe
 e - a +0 leather armour (worn)
Scrolls
 f - a scroll of noise
 h - 2 scrolls of poison
Potions
 b - a potion of magic
 d - a potion of lignification {unknown}


   Skills:
 + Level 0.8 Armour
 + Level 2.0 Dodging
 + Level 2.0 Stealth
 + Level 2.0 Spellcasting
 + Level 4.0 Necromancy


You had 3 spell levels left.
You knew the following spells:

 Your Spells              Type           Power      Damage    Failure   Level
a - Necrotise             Necr           52%        1d6       6%          1

Your spell library contained the following spells:

 Spells                   Type           Power      Damage    Failure   Level
 Vampiric Draining        Necr           13%        2d6       19%         3
 Animate Dead             Necr           13%        N/A       52%         4
 Agony                    Necr           13%        N/A       86%         5


Dungeon Overview and Level Annotations

Branches:
Dungeon (1/15)

Altars:


Message History

The dart slug launches a dart at you. The slug dart misses you.
You barely miss the dart slug.
The dart slug is heavily wounded.
The dart slug closely misses you.
You hit the dart slug.
The dart slug is severely wounded.
The dart slug closely misses you.
You hit the dart slug.
You kill the dart slug!
You see here a dart slug corpse.
h - 3 scrolls labelled HEIHAG DIYRRU The air fills with toxic fumes!
As you read the scroll labelled HEIHAG DIYRRU, it crumbles to dust.
It was a scroll of poison.
You start resting.
HP restored.
You open the door.
A quokka and a rat come into view.
There is an open door here.
Found a faded altar of an unknown god.
You closely miss the rat. The rat bites you but does no damage.
You hit the rat.
You kill the rat!
You see here a rat corpse.
There is an open door here.
You closely miss the quokka. The quokka bites you.
You closely miss the quokka. The quokka completely misses you.
The quokka bites you but does no damage.
You barely miss the quokka. The quokka closely misses you.
You closely miss the quokka. The quokka barely misses you.
You closely miss the quokka. The quokka bites you. x2
* * * LOW HITPOINT WARNING * * *
You hit the quokka but do no damage.
The quokka bites you but does no damage.
You hit the quokka.
The quokka is lightly wounded.
The quokka twitches its whiskers.
The quokka bites you.
You die...

.. #....# #. #..#####..# #.
#....#....# #. #....#...†# #.
#.###_###.# #. #....#....# #.
#....#....# #. #..#####..# #.
#..r@#....# #.
#####'##############.
################..###.#..........
....................#.#.#########
...##################.#.#
......................#.#
...##################.#.# ...#
#.....#.# ...# #.......#


You could see a quokka.

Vanquished Creatures
  A dart slug (D:1)
  A kobold (D:1)
  A rat (D:1)
3 creatures vanquished.

Notes
Turn   | Place    | Note
-------+----------+-------------------------------------------
     0 | D:1      | brainsironically the Human Necromancer began the quest for
                  | the Orb.
     0 | D:1      | Reached XP level 1. HP: 13/13 MP: 3/3
   620 | D:1      | Found a faded altar of an unknown god.
   643 | D:1      | Slain by a quokka

Illustrated notes

Levels and vault maps discovered:
D:1:      roderic_crossed_star, layout_basic,
          shapermc_ecumenical_altar_notcrosses

Action                   || total
-------------------------++-------
Melee: Unarmed           ||    17
       Whip              ||    15
       Punch             ||     1
  Use: Scroll            ||     3
Armor: Leather armour    ||     7
Dodge: Dodged            ||    17
